 Dungeon Crawl Stone Soup version 0.20.0-10-g0535bb4 (webtiles) character file.

666992 MTVSty1e the Executioner (level 27, -10/188 HPs)
             Began as a Gargoyle Fighter on June 4, 2017.
             Was the Champion of the Shining One.
             Killed from afar by a Hell Sentinel (54 damage)
             ... with an iron shot
             ... on level 7 of the Iron City of Dis.
             The game lasted 03:28:17 (55739 turns).

MTVSty1e the Executioner (Gargoyle Fighter)        Turns: 55739, Time: 03:28:19

Health: -10/188    AC: 58    Str: 37    XL:     27
Magic:  5/31       EV: 10    Int: 10    God:    the Shining One [******]
Gold:   3651       SH: 30    Dex:  5    Spells: 17/26 levels left

rFire    + + +     SeeInvis +   X - +8 mithril axe "Arga" {speed, MR+}
rCold    + + .     Gourm    .   c - +0 shield {rF+}
rNeg     + + +     Faith    .   R - +7 gold dragon scales
rPois    ∞         Spirit   .   n - +0 mask of the Dragon {MR+ Slay+3 SInv}
rElec    +         Reflect  +   M - scarf {cloud immunity}
rCorr    +         Harm     .   P - +2 pair of gloves {Str+3}
MR       ++++.                  V - +1 pair of boots {run}
Stlth    ..........             O - amulet of Dudozual {Reflect rF+ Str+4 SH+2}
Regen    0.5/turn               C - ring of resist corrosion
MPRegen  0.3/turn               b - ring "Tomn" {*Corrode rElec rF+++ Dex-4 SInv} (curse)

@: divine shield, about to teleport, flying, glowing, studying 2 skills, quick
A: big wings, hooves 1, cold resistance 1, dopey 1, low mp 1, negative energy
resistance 1, sense surroundings 1, electricity resistance, unbreathing,
petrification resistance, rot immunity, AC +20
}: 5/15 runes: serpentine, barnacled, silver, bone, abyssal
a: Stop Flying, Divine Shield, Cleansing Flame, Summon Divine Warrior, Brand
Weapon With Holy Wrath, Renounce Religion


You were on level 7 of the Iron City of Dis.
You worshipped the Shining One.
The Shining One was exalted by your worship.
You were near starving.

You visited 11 branches of the dungeon, and saw 57 of its levels.
You visited the Abyss 1 time.
You visited 2 bazaars.
You also visited: Ossuary and Desolation.

You collected 7640 gold pieces.
You spent 3989 gold pieces at shops.

Inventory:

Hand Weapons
 L - a +2 broad axe of venom
 X - the +8 mithril axe "Arga" (weapon) {speed, MR+}
   (You found it on level 6 of the Lair of Beasts)

   Attacks with this weapon are significantly faster.
   It affects your resistance to hostile enchantments.
Armour
 c - a +0 shield of fire resistance (worn)
 n - the +0 mask of the Dragon (worn) {MR+ Slay+3 SInv}
   (You found it on level 3 of the Elven Halls)

   It affects your accuracy and damage with ranged weapons and melee attacks
   (+3).
   It affects your resistance to hostile enchantments.
   It lets you see invisible.
 M - a scarf of cloud immunity (worn)
 P - a +2 pair of gloves of strength (worn)
 R - +7 gold dragon scales (worn)
 V - a +1 pair of boots of running (worn)
Jewellery
 b - the cursed ring "Tomn" (right hand) {*Corrode rElec rF+++ Dex-4 SInv}
   (You took it off a deep elf mage on level 3 of the Elven Halls)

   [ring of dexterity]

   It affects your dexterity (-4).
   It renders you almost immune to fire.
   It insulates you from electricity.
   It lets you see invisible.
   It may corrode you when you take damage.
   It has a curse placed upon it.
 q - the cursed necklace of Bloodlust {*Rage +Rage MR++ Int-3 Slay+6 *Curse}
   (You took it off a vault guard on level 5 of the Vaults)

   [amulet of rage]

   It affects your intelligence (-3).
   It affects your accuracy and damage with ranged weapons and melee attacks
   (+6).
   It affects your resistance to hostile enchantments.
   It lets you go berserk.
   It may make you go berserk in combat.
   It curses itself when equipped.
   It has a curse placed upon it.
 C - a ring of resist corrosion (left hand)
 H - the ring of Mimew {Ice rPois rN+ Str+5}
   (You took it off a deep elf demonologist on level 3 of the Elven Halls)

   [ring of ice]

   It enhances your ice magic.
   It affects your strength (+5).
   It makes you vulnerable to fire.
   It protects you from cold.
   It protects you from poison.
   It protects you from negative energy.
 O - the amulet of Dudozual (around neck) {Reflect rF+ Str+4 SH+2}
   (You acquired it in the Desolation of Salt)

   [amulet of reflection]

   It shields you and reflects attacks.
   It affects your strength (+4).
   It protects you from fire.
   It affects your SH (+2).
Wands
 a - a wand of paralysis (24/24)
 d - a wand of confusion (21/48)
 s - a wand of digging (7/24)
 B - a wand of polymorph (12/24)
 S - a wand of disintegration (10/24)
Scrolls
 g - 7 scrolls of recharging
 l - 2 scrolls of enchant weapon
 p - 12 scrolls of fog
 r - 26 scrolls of remove curse
 u - 2 scrolls of magic mapping
 y - a scroll of brand weapon
 D - 12 scrolls of teleportation
 N - 9 scrolls of identify
 Q - 7 scrolls of fear
 T - a scroll of silence
Potions
 e - 2 potions of magic
 i - a potion of cancellation
 j - 21 potions of curing
 k - 6 potions of berserk rage
 m - 7 potions of mutation
 t - 9 potions of brilliance
 w - a potion of might
 A - 5 potions of ambrosia
 E - 5 potions of agility
 K - 5 potions of haste
 Z - 2 potions of resistance
Books
 h - a manual of Shields
 o - a manual of Unarmed Combat
Miscellaneous
 x - 4 boxes of beasts
Comestibles
 f - 33 bread rations


   Skills:
 * Level 23.1 Fighting
 * Level 24.8 Axes
 + Level 21.0 Armour
 - Level 11.0 Dodging
 - Level 15.8 Shields
 + Level 12.5 Air Magic
 + Level 17.1 Invocations
 - Level 6.3 Evocations


You had 17 spell levels left.
You knew the following spells:

 Your Spells              Type           Power        Failure   Level  Hunger
a - Tornado               Air            ####......   100%        9    #######


Dungeon Overview and Level Annotations

Branches:
Dungeon (15/15)            Temple (0/1) D:6            Lair (6/6) D:9
 Shoals (4/4) Lair:2        Snake (4/4) Lair:4        Slime (0/5) Lair:6
    Orc (2/2) D:10            Elf (3/3) Orc:2        Vaults (5/5) D:14
  Crypt (3/3) Vaults:3       Tomb (0/3) Crypt:3      Depths (0/5) D:15
   Hell (1/1)                 Dis (7/7) Hell            Geh (0/7) Hell
    Coc (0/7) Hell            Tar (7/7) Hell

Altars:
Ashenzari
Cheibriados
Dithmenos
Gozag
Hepliaklqana
Kikubaaqudgha
Makhleb
Nemelex Xobeh
Okawaru
Qazlal
Ru
Trog
Vehumet
Xom
Yredelemnul
The Shining One
Beogh

Shops:
D:14 (   D:15 }   Orc:2 *:[(   Elf:1 !   Elf:2 :   Snake:1 }==:   Vaults:1 (=
Vaults:2 *

Portals:
Hell: Lair:6

Annotations:
Dis:7 Dispater, Serpent of Hell


Innate Abilities, Weirdness & Mutations

You are resistant to torment.
Your stone body is resilient. (AC +20)
You are immune to poison.
Your large and strong wings let you fly indefinitely.
You resist negative energy. (rN+)
You are resistant to electric shocks. (rElec)
You can survive without breathing.
You are immune to petrification.
You are immune to rotting.
You have large cloven feet.
Your flesh is cold resistant. (rC+)
You are dopey. (Int -2)
Your magical capacity is low. (-10% MP)
You passively map a small area around you.


Message History

Dispater appears unharmed.
Dispater is lightly wounded.
Dispater shouts, "Disclaim thyself, thou pribbling two-tin-hat puttock!"
The golden flame engulfs the Hell Sentinel.
The Hell Sentinel writhes in agony!
You kill the Hell Sentinel!
The golden flame engulfs the Hell Sentinel.
The Hell Sentinel appears unharmed.
The Hell Sentinel is severely wounded.
The golden flame engulfs the Hell Sentinel.
The Hell Sentinel writhes in agony!
The Hell Sentinel is almost dead.
The golden flame engulfs the Brimstone Fiend.
The Brimstone Fiend writhes in agony!
The Brimstone Fiend is severely wounded.
You feel somewhat more hungry. You block Dispater's attack.
You block the Hell Sentinel's attack. x2
The Hell Sentinel gestures at you. The iron shot hits you!
You die...

#####''# .......## , #
#...#..#, .......######
# ....#..# .............
# ....'..# ,
............ , # ....'..
* *.........., *## 8.8.#
* #....# .# #^
....##########...##..##.
##
....'........).&11).|...
#.
....'.........).@'.[....
##
....##########..1##..##.
#. 8.8.# #....# '# ##
....'. * * #....... . ,
*#. ....'..* ..........
, ## ....#..#
........... , , #
#...#..# ........##### #
.......## * # ,, , #


You could see Dispater, 2 Hell Sentinels and a Brimstone Fiend.

Vanquished Creatures
  Ereshkigal (Tar:7)
  4 ancient liches
  Boris (Crypt:1)
  Saint Roka (Orc:2)
  Vashnia (Snake:2)
  3 golden dragons (Vaults:5)
  Nikola (Snake:2)
  Geryon (Hell)
  7 bone dragons
  4 doom hounds
  14 Tzitzimimeh
  Jorgrun (Snake:2)
  5 iron giants
  A Brimstone Fiend (Dis:1)
  Rupert (Snake:1)
  6 liches
  9 Hell Sentinels (Dis:7)
  9 deep elf blademasters
  24 titans
  2 quicksilver dragons (Vaults:5)
  7 deep elf master archers
  Agnes (Elf:1)
  15 shadow dragons
  Gastronok (D:9)
  3 tentacled starspawn
  2 sphinxes (Vaults:5)
  An eldritch tentacle (Dis:5)
  3 tengu reavers
  Frances (Snake:1)
  9 ancient champions
  21 fire giants
  A revenant (Crypt:2)
  7 nagarajas
  2 storm dragons (Vaults:5)
  Donald (Shoals:1)
  21 vault wardens
  An imperial myrmidon (Desolation)
  13 deep elf sorcerers
  12 iron dragons
  8 frost giants
  3 balrugs
  A caustic shrike zombie (Hell)
  7 deep elf elementalists
  2 cacodemons (Dis:7)
  33 reapers
  27 war gargoyles
  20 ironheart preservers
  20 stone giants
  2 very ugly things
  An entropy weaver (shapeshifter) (Vaults:5)
  6 deep elf demonologists
  5 vampire knights
  Nessos (Lair:6)
  An entropy weaver (Vaults:5)
  4 halazid warlocks (Desolation)
  2 lorocyprocas (Dis:7)
  A red draconian (Vaults:5)
  A yellow draconian (Crypt:3)
  Snorg (Lair:3)
  A white draconian (Vaults:5)
  5 deep elf annihilators
  9 ettins
  2 eidola (Crypt:1)
  3 green deaths
  3 merfolk javelineers
  4 crystal guardians
  11 deep elf death magi
  A merfolk impaler (Shoals:2)
  Josephine (D:14)
  4 quicksilver dragon zombies
  11 yaktaur captains
  2 jiangshi
  6 ragged hierophants
  5 great orbs of eyes
  19 naga warriors
  A fire dragon (Vaults:2)
  14 ogre magi
  4 deep elf high priests
  12 servants of whispers (Desolation)
  30 vault guards
  14 hydras
  A quicksilver dragon skeleton (Tar:3)
  2 ice dragons
  2 rakshasas
  An anaconda (shapeshifter) (Elf:1)
  A hell beast (Lair:6)
  11 anacondas
  2 catoblepae
  6 peacekeepers (Desolation)
  7 centaur warriors
  The ghost of Turgon the Basher, a journeyman OpWn of Ashenzari (Lair:1)
  35 two-headed ogres
  42 dancing weapons
  A ghost crab (Tar:6)
  Erica (D:9)
  A titan zombie (Dis:6)
  2 deep troll shamans
  7 hell hogs
  6 death knights
  An orc high priest (Elf:2)
  4 death yaks
  4 vampire magi
  2 thrashing horrors (Abyss:2)
  20 naga sharpshooters
  Nergalle (D:10)
  7 soul eaters
  27 deep elf knights
  2 titan skeletons
  4 shock serpents
  7 iron golems
  8 small abominations
  3 wretched stars
  A storm dragon zombie (Tar:4)
  5 sun demons (Hell)
  10 iron trolls (Dis:7)
  A fire crab (Lair:4)
  6 hell knights (Crypt:3)
  A spatial maelstrom (Abyss:2)
  A salamander mystic (Snake:3)
  9 shadow wraiths
  110 skeletal warriors
  6 deep trolls
  A storm dragon skeleton (Tar:7)
  2 death drakes
  8 sea snakes
  7 flayed ghosts
  An iron giant zombie (Crypt:1)
  6 unseen horrors
  11 shadow demons
  The ghost of bgiannan the Fighter, a novice GrFi of Okawaru (D:8)
  A glowing orange brain (D:15)
  6 anaconda zombies
  4 golden dragon zombies
  6 naga ritualists
  A lindwurm (Lair:4)
  8 wizards
  2 golden dragon skeletons
  19 deep elf archers
  19 orc knights
  4 wolf spider zombies
  14 phantasmal warriors
  Pikel (D:9)
  A harpy (shapeshifter) (Vaults:3)
  85 deep elf magi
  21 ironbrand convokers
  A sphinx zombie (Hell)
  9 necromancers
  28 ugly things
  12 harpies
  2 stone giant zombies
  7 mana vipers
  5 fire giant zombies
  A shadow dragon zombie (Dis:7)
  3 orc sorcerers
  3 frost giant zombies
  6 manticores
  An anaconda skeleton (Hell)
  An iron dragon zombie (Crypt:3)
  3 centaur zombies
  10 salamanders
  A frost giant skeleton (Crypt:3)
  2 merfolk sirens
  5 elephants
  3 stone giant skeletons
  28 naga magi
  14 rust devils
  13 cyclopes
  A shock serpent zombie (Tar:7)
  An iron dragon skeleton (Tar:7)
  A guardian serpent (shapeshifter) (Vaults:2)
  A dire elephant zombie (Dis:3)
  Maurice (Orc:1)
  An ice statue (Hell)
  An eye of devastation (shapeshifter) (D:15)
  A fire giant skeleton (Vaults:5)
  19 vault sentinels
  8 guardian serpents
  3 molten gargoyles
  2 smoke demons
  10 spiny frogs
  23 black mambas
  A black draconian zombie (Crypt:1)
  A gargoyle (D:14)
  4 rime drakes (Lair:6)
  10 hellions
  3 orange demons
  5 centaur skeletons
  4 water nymphs
  20 yaktaurs
  2 dire elephant skeletons
  A catoblepas zombie (Dis:7)
  A white draconian zombie (Crypt:2)
  A hellwing (Lair:6)
  14 tormentors
  6 komodo dragons
  A yaktaur zombie (Hell)
  A purple draconian zombie (Crypt:1)
  13 ice devils
  12 freezing wraiths
  A minotaur zombie (Crypt:2)
  2 ancient zymes (Abyss:2)
  2 queen bees (shapeshifter)
  7 red devils
  7 trolls
  A death drake zombie (Crypt:1)
  3 wind drakes
  A polar bear (Lair:5)
  A meliai (shapeshifter) (D:15)
  3 harpy zombies
  A meliai (D:9)
  A silent spectre (Tar:4)
  Grinder (D:3)
  A troll (shapeshifter) (Vaults:3)
  2 hydra zombies
  69 saltlings
  16 merfolk
  9 hornets
  A deep troll zombie (Hell)
  An alligator zombie (Dis:1)
  A hydra skeleton (Hell)
  14 slime creatures
  8 blink frogs
  A harpy skeleton (Dis:7)
  4 fire dragon zombies
  4 raiju (Abyss:2)
  6 snapping turtles
  2 spriggan zombies (Hell)
  A hippogriff (shapeshifter) (Elf:3)
  An ice dragon zombie (Dis:6)
  4 dream sheep (Shoals:2)
  15 hippogriffs
  5 large abominations
  6 ettin zombies
  2 ice dragon skeletons
  13 shadows
  3 air elementals
  2 stone giant simulacra
  A meliai zombie (D:15)
  A redback (Vaults:5)
  51 flying skulls
  A vampire (D:14)
  A yak (shapeshifter) (Vaults:5)
  A tarantella (shapeshifter) (Vaults:4)
  A spriggan (D:9)
  20 wraiths
  23 yaks
  16 water elementals
  2 spriggans (shapeshifter) (Vaults:4)
  2 redbacks (shapeshifter)
  12 fire elementals
  A human (shapeshifter) (Vaults:2)
  A hog (shapeshifter) (Elf:1)
  A basilisk (shapeshifter) (Vaults:2)
  A black mamba skeleton (Crypt:3)
  2 steam dragons
  2 basilisks
  Eustachio (D:4)
  7 hungry ghosts
  17 vampire mosquitoes
  A human simulacrum (Vaults:5)
  A monstrous demonspawn zombie (Crypt:1)
  9 wargs
  A tengu zombie (Hell)
  40 nagas
  A soldier ant (shapeshifter) (Elf:1)
  A spatial vortex (Tar:3)
  A swamp worm (shapeshifter) (Elf:3)
  3 acid dragons
  66 hell hounds
  A soldier ant (D:12)
  15 water moccasins
  2 spiny frog zombies (Hell)
  59 orc warriors
  7 porcupines
  A spiny frog skeleton (Tar:6)
  A gelid demonspawn skeleton (Crypt:2)
  3 sky beasts
  An eye of draining (D:13)
  A manticore zombie (Tar:6)
  2 ice beasts
  A sky beast (shapeshifter) (Vaults:5)
  17 necrophages
  46 ogres
  3 phantoms
  15 centaurs
  A boggart (Vaults:1)
  A snapping turtle skeleton (Tar:7)
  An elephant skeleton (Crypt:1)
  17 crocodiles
  A big kobold (D:13)
  A draconian zombie (Crypt:2)
  7 earth elementals
  An elf skeleton (Dis:1)
  A wyvern zombie (D:13)
  21 bullfrogs
  3 wyvern skeletons
  A water moccasin skeleton (D:7)
  3 scorpions
  33 wights
  2 howler monkeys (D:6)
  16 electric eels
  19 crimson imps
  12 starcursed masses
  2 quasits
  2 bullfrog zombies
  A hound (D:6)
  21 jellies
  24 iron imps
  10 orc priests
  Crazy Yiuf (D:6)
  3 bullfrog skeletons
  A gnoll shaman (D:5)
  2 human zombies (Ossuary)
  A hell rat (D:9)
  3 iguanas
  21 orc wizards
  A porcupine zombie (Crypt:2)
  13 worker ants
  A demigod zombie (Crypt:1)
  A felid zombie (Crypt:1)
  A tengu skeleton (Tar:7)
  An acid dragon skeleton (Crypt:2)
  2 felid skeletons (Crypt:2)
  3 hound zombies
  A hound skeleton (D:9)
  7 mummies
  2 worker ant zombies
  9 gnolls
  19 adders
  12 shadow imps
  2 white imps
  2 oozes
  An adder zombie (Ossuary)
  An adder skeleton (D:7)
  6 leopard geckos
  128 orcs
  5 giant cockroaches
  4 gnoll zombies
  5 goblins
  7 hobgoblins
  10 jackals
  10 kobolds
  6 quokkas
  3 ball pythons
  10 bats
  5 frilled lizards
  3 goblin zombies (Ossuary)
  A jackal zombie (Ossuary)
  A kobold zombie (Ossuary)
  A quokka skeleton (D:4)
  4 rats
  A rat zombie (Ossuary)
  4 crawling corpses (Elf:3)
  7 fungi
  11 plants
  5 starspawn tentacles
2690 creatures vanquished.

Vanquished Creatures (others)
  A deep elf master archer (Vaults:5)
  A naga warrior (Snake:4)
  A satyr (Shoals:4)
  A naga sharpshooter (Snake:2)
  2 deep elf archers
  An ironbrand convoker (Vaults:5)
  2 deep elf magi
  2 black mambas (Snake:2)
  A guardian serpent (Desolation)
  A naga mage (Snake:3)
  A yaktaur (Vaults:4)
  A merfolk (Shoals:3)
  A saltling (Desolation)
  A wraith (Dis:6)
  4 nagas
  A hell hound (Dis:2)
  3 slaves (D:9)
  An ogre (Vaults:1)
  A wight (Tar:1)
  A hound (D:9)
  A mummy (Dis:7)
  An adder (D:9)
  An orc (D:9)
  A ball python (Snake:3)
  A crawling corpse (Elf:3)
  8 fungi
  A lurking horror (Abyss:3)
  22 plants
  6 starspawn tentacles
70 creatures vanquished.

Grand Total: 2760 creatures vanquished

Notes
Turn   | Place    | Note
-------+----------+-------------------------------------------
     0 | D:1      | MTVSty1e the Gargoyle Fighter began the quest for the Orb.
     0 | D:1      | Reached XP level 1. HP: 14/14 MP: 1/1
    41 | D:1      | Reached skill level 2 in Axes
   204 | D:1      | Reached XP level 2. HP: 19/19 MP: 2/2
   626 | D:2      | Reached XP level 3. HP: 11/23 MP: 3/3
  1171 | D:2      | Reached skill level 3 in Axes
  1274 | D:2      | Found an opulent altar of Gozag.
  1512 | D:2      | Found a sparkling altar of Nemelex Xobeh.
  1532 | D:2      | Noticed a centaur
  1540 | D:2      | Killed a centaur
  1540 | D:2      | Reached skill level 4 in Axes
  1540 | D:2      | Reached XP level 4. HP: 15/30 MP: 4/4
  1540 | D:2      | Reached XP level 5. HP: 17/34 MP: 5/5
  2025 | D:3      | Noticed Grinder
  2036 | D:3      | Killed Grinder
  2036 | D:3      | Reached skill level 5 in Fighting
  2036 | D:3      | Reached skill level 5 in Axes
  2036 | D:3      | Reached XP level 6. HP: 26/40 MP: 6/6
  2747 | D:3      | Reached XP level 7. HP: 40/44 MP: 7/7
  2751 | D:3      | Found a basalt altar of Yredelemnul.
  3130 | D:4      | Found a sacrificial altar of Ru.
  3212 | D:4      | Reached skill level 6 in Axes
  3291 | D:4      | Found a snail-covered altar of Cheibriados.
  3315 | D:4      | Found a sparkling altar of Nemelex Xobeh.
  3345 | D:4      | Found an iron altar of Okawaru.
  3355 | D:4      | Became a worshipper of Warmaster Okawaru
  3466 | D:4      | Noticed Eustachio
  3476 | D:4      | Killed Eustachio
  3519 | D:5      | Entered Level 5 of the Dungeon
  3578 | D:5      | Reached skill level 7 in Axes
  3578 | D:5      | Reached XP level 8. HP: 33/51 MP: 8/8
  3755 | D:5      | Reached * piety under Okawaru
  4210 | D:5      | Found a hazy altar of Hepliaklqana.
  4330 | D:6      | Reached skill level 8 in Axes
  4419 | D:6      | Reached ** piety under Okawaru
  4467 | D:6      | Found a staircase to the Ecumenical Temple.
  4693 | D:6      | Found a runed door.
  4870 | D:6      | Noticed Crazy Yiuf
  4877 | D:6      | Killed Crazy Yiuf
  5035 | D:7      | Reached XP level 9. HP: 57/57 MP: 9/9
  5129 | D:7      | Reached skill level 9 in Axes
  5218 | D:7      | Found a shattered altar of Ashenzari.
  5454 | D:8      | Noticed bgiannan's ghost (novice GrFi)
  5473 | D:8      | Killed bgiannan's ghost
  5473 | D:8      | Reached *** piety under Okawaru
  5473 | D:8      | Reached skill level 10 in Axes
  5479 | D:8      | Gained mutation: You are robust. (+10% HP) [mutagenic meat]
  5480 | D:8      | Gained mutation: Your muscles are strong. (Str +2) [mutagenic meat]
  5481 | D:8      | Gained mutation: You tend to lose your temper in combat. [mutagenic meat]
  5485 | D:8      | Found a sand-covered staircase.
  5492 | Ossuary  | Entered an ossuary
  5771 | D:8      | Found a glowing golden altar of the Shining One.
  5972 | D:8      | Lost mutation: You tend to lose your temper in combat. [potion of mutation]
  5972 | D:8      | Lost mutation: Your muscles are strong. (Str +2) [potion of mutation]
  5972 | D:8      | Lost mutation: You are robust. (+10% HP) [potion of mutation]
  5972 | D:8      | Gained mutation: Your spells are a little harder to cast, but a little more powerful. [potion of mutation]
  5972 | D:8      | Gained mutation: Your mind is acute. (Int +2) [potion of mutation]
  5978 | D:8      | Found a shadowy altar of Dithmenos.
  6255 | D:9      | Noticed a two-headed ogre
  6262 | D:9      | Killed a two-headed ogre
  6262 | D:9      | Reached XP level 10. HP: 62/66 MP: 7/10
  6303 | D:9      | Reached **** piety under Okawaru
  6322 | D:9      | Noticed Gastronok
  6344 | D:9      | Killed Gastronok
  6344 | D:9      | Reached skill level 10 in Fighting
  6344 | D:9      | Reached skill level 11 in Axes
  6593 | D:9      | Noticed Erica
  6605 | D:9      | Killed Erica
  6605 | D:9      | Received a gift from Okawaru
  6605 | D:9      | Reached skill level 12 in Axes
  6625 | D:9      | Noticed Pikel
  6625 | D:9      | Noticed a two-headed ogre
  6642 | D:9      | Killed a two-headed ogre
  6642 | D:9      | Reached ***** piety under Okawaru
  6642 | D:9      | Reached XP level 11. HP: 42/73 MP: 11/11
  6646 | D:9      | Killed Pikel
  6646 | D:9      | Received a gift from Okawaru
  6821 | D:9      | Found a staircase to the Lair.
  6822 | D:9      | Noticed a death yak
  6823 | D:9      | Noticed a death yak
  6843 | D:9      | Noticed a death yak
  6852 | D:9      | Killed a death yak
  6867 | D:9      | Killed a death yak
  6889 | D:9      | Killed a death yak
  6889 | D:9      | Reached skill level 13 in Axes
  7104 | D:9      | Found a radiant altar of Vehumet.
  7107 | D:9      | Found a shimmering altar of Xom.
  7268 | D:9      | Found an ancient bone altar of Kikubaaqudgha.
  7275 | D:9      | Found a shimmering altar of Xom.
  7391 | D:9      | Found a bloodstained altar of Trog.
  7668 | D:9      | Noticed a deep elf mage
  7678 | D:9      | Killed a deep elf mage
  7697 | D:10     | Entered Level 10 of the Dungeon
  7704 | D:10     | Noticed Nergalle
  7732 | D:10     | Killed Nergalle
  7763 | D:10     | Found a staircase to the Orcish Mines.
  7783 | D:10     | Lost mutation: Your mind is acute. (Int +2) [mutagenic meat]
  7784 | D:10     | Lost mutation: Your spells are a little harder to cast, but a little more powerful. [mutagenic meat]
  7785 | D:10     | Gained mutation: You are resistant to hostile enchantments. (MR+) [mutagenic meat]
  7786 | D:10     | Gained mutation: You are somewhat resistant to further mutation. [mutagenic meat]
  7788 | D:10     | Gained mutation: Your muscles are strong. (Str +2) [mutagenic meat]
  7900 | D:10     | Found a shimmering altar of Xom.
  7920 | D:10     | Found a shimmering altar of Xom.
  7920 | D:10     | Found a shimmering altar of Xom.
  7929 | D:10     | Found a shimmering altar of Xom.
  7931 | D:10     | Found a shimmering altar of Xom.
  8234 | Lair:1   | Entered Level 1 of the Lair of Beasts
  8298 | Lair:1   | Received a gift from Okawaru
  8298 | Lair:1   | Reached XP level 12. HP: 76/81 MP: 12/12
  8394 | Lair:1   | Noticed Turgon's ghost (journeyman OpWn)
  8418 | Lair:1   | Killed Turgon's ghost
  8418 | Lair:1   | Reached skill level 14 in Axes
  8970 | Lair:1   | You fall through a shaft!
  9016 | Lair:2   | Noticed a six-headed hydra
  9024 | Lair:2   | Killed a one-headed hydra
  9076 | Lair:2   | Found a staircase to the Shoals.
  9387 | Lair:2   | Noticed a catoblepas
  9414 | Lair:2   | Killed a catoblepas
  9731 | Lair:2   | You fall through a shaft for 2 floors!
  9777 | Lair:4   | Reached skill level 5 in Armour
 10219 | Lair:3   | Got a brightly glowing scimitar
 10927 | Lair:1   | Noticed an eight-headed hydra
 10936 | Lair:1   | Killed a four-headed hydra
 11479 | Lair:1   | Noticed a six-headed hydra
 11492 | Lair:1   | Killed a one-headed hydra
 11492 | Lair:1   | Reached skill level 5 in Shields
 11630 | Lair:1   | Identified the +8 scimitar of Causality {antimagic, rF+ Int+4} (You found it on level 3 of the Lair of Beasts)
 12070 | Lair:3   | Noticed a six-headed hydra
 12080 | Lair:3   | Killed a one-headed hydra
 12080 | Lair:3   | Reached XP level 13. HP: 46/87 MP: 10/13
 12264 | Lair:3   | Noticed Snorg
 12294 | Lair:3   | Killed Snorg
 12637 | Lair:3   | Identified a scroll of acquirement
 13119 | Lair:4   | Reached skill level 15 in Axes
 13346 | Lair:4   | Received a gift from Okawaru
 13349 | Lair:4   | Got an iridescent demon trident {god gift}
 13351 | Lair:4   | Identified the +0 demon trident of Forgiveness {pain, -Tele rC+ rN+ Str+3} (Okawaru gifted it to you on level 4 of the Lair of Beasts)
 13785 | Lair:4   | Found a staircase to the Snake Pit.
 14185 | Lair:5   | Reached ****** piety under Okawaru
 14474 | Lair:5   | Received a gift from Okawaru
 14477 | Lair:5   | Got a crude plate armour {god gift}
 14488 | Lair:5   | Identified the +3 plate armour of Verioz {Regen+} (Okawaru gifted it to you on level 5 of the Lair of Beasts)
 14842 | Lair:6   | Entered Level 6 of the Lair of Beasts
 14915 | Lair:6   | Noticed Nessos
 15004 | Lair:6   | Killed Nessos
 15243 | Lair:6   | Gained mutation: Your large and strong wings let you fly indefinitely. [Gargoyle growth]
 15243 | Lair:6   | Reached XP level 14. HP: 90/94 MP: 14/14
 15350 | Lair:6   | Reached skill level 10 in Armour
 15358 | Lair:6   | Found a burning altar of Makhleb.
 15368 | Lair:6   | Found a gateway to Hell.
 15504 | Lair:6   | Received a gift from Okawaru
 15636 | Lair:6   | Found a staircase to the Slime Pits.
 15825 | Lair:6   | Received a gift from Okawaru
 16653 | D:11     | Reached skill level 16 in Axes
 16864 | D:11     | Gained mutation: You are frail. (-10% HP) [mutagenic meat]
 16868 | D:11     | Lost mutation: Your muscles are strong. (Str +2) [potion of mutation]
 16868 | D:11     | Lost mutation: You are frail. (-10% HP) [potion of mutation]
 17299 | D:12     | Received a gift from Okawaru
 17499 | D:12     | Gained mutation: You are highly resistant to hostile enchantments. (MR++) [mutagenic meat]
 18251 | D:13     | Reached XP level 15. HP: 83/100 MP: 15/15
 19072 | D:14     | Noticed Josephine
 19085 | D:14     | Killed Josephine
 19104 | D:14     | Lost mutation: You are highly resistant to hostile enchantments. (MR++) [mutagenic meat]
 19106 | D:14     | Gained mutation: You are agile. (Dex +2) [mutagenic meat]
 19249 | D:14     | Found Suilevacwi's Weapon Shoppe.
 19287 | D:14     | Found a gate to the Vaults.
 19745 | D:15     | Entered Level 15 of the Dungeon
 19798 | D:15     | Received a gift from Okawaru
 20207 | D:15     | Reached skill level 17 in Axes
 20244 | D:15     | Found a staircase to the Depths.
 20259 | D:15     | Gained mutation: You tend to lose your temper in combat. [mutagenic meat]
 20260 | D:15     | Lost mutation: You are agile. (Dex +2) [mutagenic meat]
 20320 | D:15     | Found Eraleiq's Gadget Emporium.
 20320 | D:15     | Found a stormy altar of Qazlal.
 20451 | D:15     | Received a gift from Okawaru
 20576 | D:15     | Reached skill level 10 in Shields
 20695 | D:15     | Reached XP level 16. HP: 107/107 MP: 16/16
 20893 | D:15     | Lost mutation: You tend to lose your temper in combat. [mutagenic meat]
 21091 | Orc:1    | Entered Level 1 of the Orcish Mines
 21143 | Orc:1    | Noticed Maurice
 21149 | Orc:1    | Killed Maurice
 21454 | Orc:2    | Entered Level 2 of the Orcish Mines
 21583 | Orc:2    | Found a roughly hewn altar of Beogh.
 21831 | Orc:2    | Found Wemorph's Weapon Shoppe.
 21834 | Orc:2    | Received a gift from Okawaru
 21951 | Orc:2    | Found Dises's Armour Shop.
 21966 | Orc:2    | Reached skill level 15 in Fighting
 22024 | Orc:2    | Found a roughly hewn altar of Beogh.
 22040 | Orc:2    | Found a staircase to the Elven Halls.
 22084 | Orc:2    | Noticed Saint Roka
 22134 | Orc:2    | Killed Saint Roka
 22134 | Orc:2    | Received a gift from Okawaru
 22400 | Orc:2    | Found Sazeq's Book Shoppe.
 22429 | Orc:2    | Found Coixtuca's General Store.
 22465 | Orc:2    | Bought a scroll of identify for 30 gold pieces
 22465 | Orc:2    | Bought a +2 pair of boots of flying for 322 gold pieces
 22465 | Orc:2    | Bought a potion of curing for 45 gold pieces
 22486 | Orc:2    | Received a gift from Okawaru
 22489 | Orc:2    | Got a brightly glowing hand axe {god gift}
 22766 | D:12     | Got a brightly glowing helmet {god gift}
 22767 | D:12     | Identified the +0 helmet of the Fisher {Int+3 Slay+3} (Okawaru gifted it to you on level 12 of the Dungeon)
 22964 | Snake:1  | Entered Level 1 of the Snake Pit
 23000 | Snake:1  | Noticed Rupert
 23005 | Snake:1  | Noticed Frances
 23023 | Snake:1  | Killed Rupert
 23040 | Snake:1  | Killed Frances
 23425 | Snake:1  | Found Ticricwu's Book Boutique.
 23430 | Snake:1  | Bought a manual of Shields for 1214 gold pieces
 23430 | Snake:1  | Bought a book of the Sky for 715 gold pieces
 23440 | Snake:1  | Learned a level 9 spell: Tornado
 23455 | Snake:1  | Reached skill level 1 in Evocations
 23620 | Snake:1  | Found Rufafuxe's Jewellery Boutique.
 23621 | Snake:1  | Found Xeudiupe's Gadget Emporium.
 23622 | Snake:1  | Found Poxug's Jewellery Boutique.
 23729 | Snake:1  | Reached skill level 1 in Air Magic
 24132 | Snake:2  | Noticed Nikola
 24199 | Snake:1  | Reached skill level 1 in Invocations
 24254 | Snake:2  | Noticed a nagaraja
 24260 | Snake:2  | Killed Nikola
 24260 | Snake:2  | Received a gift from Okawaru
 24274 | Snake:2  | Killed a nagaraja
 24274 | Snake:2  | Reached XP level 17. HP: 89/113 MP: 15/18
 24473 | Snake:2  | Noticed Jorgrun
 24482 | Snake:2  | Noticed Vashnia
 24494 | Snake:2  | Killed Jorgrun
 24501 | Snake:2  | Reached skill level 18 in Axes
 24516 | Snake:2  | Killed Vashnia
 24749 | Snake:2  | Received a gift from Okawaru
 25003 | Snake:2  | Got a shimmering bronze ring
 25501 | Snake:3  | Identified the ring "Qigh" {*Slow Str+5 Int+7} (You took it off a naga mage on level 2 of the Snake Pit)
 25738 | Snake:3  | Received a gift from Okawaru
 26433 | Snake:4  | Entered Level 4 of the Snake Pit
 26474 | Snake:4  | Reached skill level 15 in Armour
 26772 | Elf:1    | Entered Level 1 of the Elven Halls
 26989 | Elf:1    | Reached XP level 18. HP: 120/120 MP: 21/21
 27110 | Elf:1    | Noticed Agnes
 27125 | Elf:1    | Killed Agnes
 27135 | Elf:1    | Reached skill level 5 in Air Magic
 27193 | Elf:1    | Found Mesm's Distillery.
 27196 | Elf:1    | Bought a potion of might for 60 gold pieces
 27196 | Elf:1    | Bought a potion of might for 60 gold pieces
 27196 | Elf:1    | Bought a potion of agility for 60 gold pieces
 27196 | Elf:1    | Bought a potion of heal wounds for 75 gold pieces
 27196 | Elf:1    | Bought 2 potions of agility for 120 gold pieces
 27196 | Elf:1    | Bought a potion of curing for 45 gold pieces
 27196 | Elf:1    | Bought a potion of heal wounds for 75 gold pieces
 27218 | Elf:1    | Found a ruined gateway.
 27242 | Desolati | Entered the Desolation of Salt
 27331 | Desolati | Received a gift from Okawaru
 27331 | Desolati | Reached skill level 5 in Invocations
 27537 | Desolati | Identified the Incunabulum of Evil Orientation
 27542 | Desolati | Got a wavering ivory amulet
 27543 | Desolati | Identified the amulet of Dudozual {Reflect rF+ Str+4 SH+2} (You acquired it in the Desolation of Salt)
 27558 | Desolati | Got a twitching glass ring
 27599 | Desolati | Reached skill level 5 in Evocations
 27646 | Desolati | Got a pair of brightly glowing boots
 27657 | Desolati | Identified the cursed +0 pair of boots "Tihehaun" {rElec rPois MP-9} (You found it in the Desolation of Salt)
 27955 | Desolati | Got a transparent steel ring
 28226 | Elf:1    | Identified the ring of Mirorem {MP+9 Stlth+} (You found it in the Desolation of Salt)
 28228 | Elf:1    | Identified the ring "Qoted" {Wiz Str+7} (You found it in the Desolation of Salt)
 28298 | Elf:1    | Received a gift from Okawaru
 28615 | Elf:1    | Reached XP level 19. HP: 127/127 MP: 23/23
 28785 | Elf:2    | Found Ysug's Book Shop.
 28874 | Elf:2    | Reached skill level 19 in Axes
 29198 | Elf:2    | Found a runed gate.
 29198 | Elf:2    | Found a runed gate.
 29199 | Elf:2    | Found a runed gate.
 29475 | Elf:2    | Reached skill level 15 in Shields
 29492 | Elf:2    | Received a gift from Okawaru
 30008 | Shoals:1 | Entered Level 1 of the Shoals
 30314 | Shoals:1 | Noticed Donald
 30327 | Shoals:1 | Killed Donald
 32294 | Shoals:4 | Entered Level 4 of the Shoals
 32354 | Shoals:4 | Got a barnacled rune of Zot
 32524 | Shoals:1 | Reached skill level 1 in Dodging
 32732 | Snake:4  | Reached XP level 20. HP: 123/134 MP: 26/26
 32747 | Snake:4  | Received a gift from Okawaru
 32949 | Snake:4  | Got a serpentine rune of Zot
 32953 | Snake:4  | Received a gift from Okawaru
 33715 | Elf:3    | Entered Level 3 of the Elven Halls
 33979 | Vaults:1 | Entered Level 1 of the Vaults
 34229 | Vaults:1 | Found Adghol's Weapon Shop.
 34294 | Vaults:1 | Found Ujeonikh's Jewellery Emporium.
 34389 | Vaults:1 | Found a flickering gateway to a bazaar.
 34528 | Bazaar   | Entered a bazaar
 34546 | Bazaar   | Found Leykeligh's Book Shop.
 34562 | Bazaar   | Found Guerphu's Magic Scroll Boutique.
 34562 | Bazaar   | Found Qibal's Weapon Shop.
 34592 | Bazaar   | Found Xumily's Distillery.
 34609 | Bazaar   | Bought a potion of mutation for 56 gold pieces
 34609 | Bazaar   | Bought a potion of heal wounds for 35 gold pieces
 34609 | Bazaar   | Bought a potion of agility for 28 gold pieces
 34609 | Bazaar   | Bought a potion of might for 28 gold pieces
 34609 | Bazaar   | Bought a potion of curing for 21 gold pieces
 34609 | Bazaar   | Bought a potion of curing for 21 gold pieces
 34628 | Bazaar   | Bought a scroll of identify for 16 gold pieces
 34628 | Bazaar   | Bought a scroll of teleportation for 24 gold pieces
 34628 | Bazaar   | Bought a scroll of enchant armour for 60 gold pieces
 34628 | Bazaar   | Bought a scroll of identify for 16 gold pieces
 34628 | Bazaar   | Bought a scroll of teleportation for 24 gold pieces
 34628 | Bazaar   | Bought a scroll of identify for 16 gold pieces
 34628 | Bazaar   | Bought a scroll of identify for 16 gold pieces
 35684 | Vaults:2 | Received a gift from Okawaru
 35696 | Vaults:2 | Reached skill level 20 in Axes
 35821 | Vaults:2 | Found Seuhaoqo's General Store.
 35829 | Vaults:2 | Bought a meat ration for 95 gold pieces
 35829 | Vaults:2 | Bought a scroll of enchant weapon for 142 gold pieces
 35829 | Vaults:2 | Bought a potion of resistance for 190 gold pieces
 36074 | Vaults:2 | Reached XP level 21. HP: 140/140 MP: 28/28
 36206 | Vaults:2 | Received a gift from Okawaru
 36587 | Vaults:3 | Reached skill level 5 in Dodging
 36760 | Vaults:3 | Reached skill level 10 in Invocations
 36951 | Vaults:3 | Found a staircase to the Crypt.
 37440 | Vaults:3 | Received a gift from Okawaru
 37550 | Vaults:3 | Identified a +1 pair of boots of running (Okawaru gifted it to you on level 3 of the Vaults)
 37946 | Vaults:4 | Found a flickering gateway to a bazaar.
 37969 | Bazaar   | Entered a bazaar
 37969 | Bazaar   | Found Zoqeumim's Antique Weapon Shop.
 37969 | Bazaar   | Found Asook's Distillery.
 37994 | Bazaar   | Found Guwur's Antique Armour Shop.
 38038 | Bazaar   | Bought a potion of ambrosia for 80 gold pieces
 38038 | Bazaar   | Bought a potion of mutation for 80 gold pieces
 38038 | Bazaar   | Bought a potion of heal wounds for 50 gold pieces
 38038 | Bazaar   | Bought a potion of might for 40 gold pieces
 38038 | Bazaar   | Bought a potion of haste for 100 gold pieces
 38038 | Bazaar   | Bought a potion of curing for 30 gold pieces
 38406 | Vaults:4 | Gained mutation: You are weak. (Str -2) [mutagenic meat]
 38411 | Vaults:4 | Gained mutation: You tend to lose your temper in combat. [mutagenic meat]
 38413 | Vaults:4 | Lost mutation: You are weak. (Str -2) [potion of mutation]
 38413 | Vaults:4 | Lost mutation: You are resistant to hostile enchantments. (MR+) [potion of mutation]
 38413 | Vaults:4 | Lost mutation: You are somewhat resistant to further mutation. [potion of mutation]
 38413 | Vaults:4 | Lost mutation: You tend to lose your temper in combat. [potion of mutation]
 38413 | Vaults:4 | Gained mutation: You have large cloven feet. [potion of mutation]
 38413 | Vaults:4 | Gained mutation: Your flesh is cold resistant. (rC+) [potion of mutation]
 38808 | Vaults:4 | Reached XP level 22. HP: 147/147 MP: 30/30
 39630 | D:10     | You are sucked into a shaft!
 39907 | Elf:3    | Reached skill level 21 in Axes
 40542 | Elf:3    | Received a gift from Okawaru
 41297 | Elf:3    | Received a gift from Okawaru
 41309 | Elf:3    | Cast into level 2 of the Abyss (a ghostly deep elf sorcerer)
 41878 | Abyss:3  | Found a corrupted altar of Lugonu.
 41906 | Abyss:3  | Paralysed by accursed screaming for 1 turns
 41934 | Abyss:3  | Got an abyssal rune of Zot
 42114 | Elf:3    | Escaped the Abyss
 42595 | Elf:3    | Got a smoking jade ring
 42602 | Elf:3    | Got an ancient steel ring
 42617 | Elf:3    | Got a crude steel ring
 42706 | Elf:3    | Identified the cursed ring "Tomn" {*Corrode rElec rF+++ Dex-4 SInv} (You took it off a deep elf mage on level 3 of the Elven Halls)
 42707 | Elf:3    | Identified the ring of Mimew {Ice rPois rN+ Str+5} (You took it off a deep elf demonologist on level 3 of the Elven Halls)
 42708 | Elf:3    | Identified the ring "Esmint" {rPois rN+ MR+} (You found it on level 3 of the Elven Halls)
 42745 | Elf:3    | Identified Yllag's Disquisition on the Frostbite and Slavery
 42768 | Elf:3    | Identified the +1 helmet of Shadows and Fog {rElec rC+ Int+4 Dex-5} (You found it on level 3 of the Elven Halls)
 43089 | D:8      | Fell from the grace of Okawaru
 43089 | D:8      | Became a worshipper of the Shining One
 43454 | Crypt:1  | Entered Level 1 of the Crypt
 43484 | Crypt:1  | Noticed Boris
 43508 | Crypt:1  | Killed Boris
 43508 | Crypt:1  | Reached XP level 23. HP: 101/153 MP: 31/31
 43519 | Crypt:1  | Reached * piety under the Shining One
 43833 | Crypt:1  | Reached ** piety under the Shining One
 44252 | Crypt:1  | Reached *** piety under the Shining One
 44502 | Crypt:2  | Reached **** piety under the Shining One
 44713 | Crypt:2  | Reached ***** piety under the Shining One
 45077 | Crypt:3  | Entered Level 3 of the Crypt
 45389 | Crypt:3  | Reached ****** piety under the Shining One
 45630 | Crypt:3  | Noticed an ancient lich
 45651 | Crypt:3  | Killed an ancient lich
 45764 | Crypt:3  | Found an ancient bone altar of Kikubaaqudgha.
 46074 | Crypt:3  | Identified the cursed +1 plate armour of Fediwn {Str+7} (You found it on level 3 of the Crypt)
 46117 | Crypt:3  | Found a staircase to the Tomb.
 46534 | Vaults:5 | Entered Level 5 of the Vaults
 46534 | Vaults:5 | Noticed an ancient lich
 46558 | Vaults:5 | Noticed an ancient lich
 46569 | Vaults:5 | Reached skill level 22 in Axes
 46573 | Vaults:5 | Reached XP level 24. HP: 108/160 MP: 32/32
 46580 | Vaults:5 | Killed an ancient lich
 46618 | Vaults:5 | Killed an ancient lich
 47606 | Vaults:5 | Identified the cursed -6 pair of boots of Lucidity {rN++ Regen+ Int+6 Dex-4} (You found it on level 5 of the Vaults)
 47773 | Vaults:5 | Reached skill level 10 in Dodging
 47863 | Vaults:5 | Reached XP level 25. HP: 163/168 MP: 33/33
 48744 | Vaults:5 | Reached skill level 10 in Air Magic
 48956 | Vaults:5 | Got a silver rune of Zot
 50123 | Hell     | Entered the Vestibule of Hell
 50123 | Hell     | Noticed Geryon
 50144 | Hell     | Killed Geryon
 50201 | Hell     | Reached skill level 23 in Axes
 50263 | Hell     | Found a gateway to the decaying netherworld of Tartarus.
 50547 | Hell     | Was forgiven by Okawaru
 50648 | Hell     | Found a gateway to the ashen valley of Gehenna.
 50756 | Hell     | Found a gateway to the Iron City of Dis.
 50808 | Hell     | Found a gateway to the freezing wastes of Cocytus.
 50922 | Tar:1    | Entered Level 1 of Tartarus
 50922 | Tar:1    | Found a gateway to Hell.
 51097 | Tar:2    | Found a gateway to Hell.
 51120 | Tar:2    | Gained mutation: You are dopey. (Int -2) [mutagenic glow]
 51162 | Tar:3    | Found a gateway to Hell.
 51196 | Tar:3    | Found a gateway to Hell.
 51271 | Tar:3    | Reached XP level 26. HP: 155/175 MP: 34/34
 51485 | Tar:4    | Found a gateway to Hell.
 51485 | Tar:4    | Found a gateway to Hell.
 51505 | Tar:4    | Reached skill level 15 in Invocations
 51514 | Tar:4    | Found a gateway to Hell.
 51771 | Tar:5    | Found a gateway to Hell.
 51829 | Tar:5    | You are sucked into a shaft!
 51911 | Tar:6    | Found a gateway to Hell.
 51916 | Tar:6    | Found a gateway to Hell.
 52136 | Tar:7    | Entered Level 7 of Tartarus
 52136 | Tar:7    | Found a gateway to Hell.
 52230 | Tar:7    | Found a gateway to Hell.
 52624 | Tar:7    | Noticed Ereshkigal
 52659 | Tar:7    | Killed Ereshkigal
 52659 | Tar:7    | Reached XP level 27. HP: 179/183 MP: 6/34
 52848 | Tar:7    | Noticed an ancient lich
 52855 | Tar:7    | Got a bone rune of Zot
 52864 | Tar:7    | Killed an ancient lich
 53042 | Dis:1    | Entered Level 1 of the Iron City of Dis
 53042 | Dis:1    | Found a gateway to Hell.
 53197 | Dis:1    | Reached skill level 24 in Axes
 53687 | Dis:2    | Found a gateway to Hell.
 53796 | Dis:3    | Found a gateway to Hell.
 53860 | Dis:3    | Found a gateway to Hell.
 53906 | Dis:3    | Found a gateway to Hell.
 54060 | Dis:5    | Found a gateway to Hell.
 54124 | Dis:6    | Found a gateway to Hell.
 54315 | Dis:7    | Entered Level 7 of the Iron City of Dis
 54315 | Dis:7    | Found a gateway to Hell.
 54342 | Dis:7    | Found a gateway to Hell.
 54343 | Dis:7    | Found a gateway to Hell.
 55279 | Dis:7    | Noticed the Serpent of Hell
 55722 | Dis:7    | Noticed Dispater
 55724 | Dis:7    | Gained mutation: Your magical capacity is low. (-10% MP) [a cacodemon]
 55725 | Dis:7    | Gained mutation: You passively map a small area around you. [a cacodemon]
 55739 | Dis:7    | Killed from afar by a Hell Sentinel

Skill      XL: |  1  2  3  4  5  6  7  8  9 10 11 12 13 14 15 16 17 18 19 20 21 22 23 24 25 26 27 |
---------------+----------------------------------------------------------------------------------+-----
Axes           | 2 4 5 7 8 10 12 13 14 15 16 17 18 19 20 21 22 23 24 | 24.8
Fighting       | 4 5 6 7 9 10 12 13 14 15 16 17 18 19 20 21 23 | 23.1
Armour         | 7 9 11 13 14 15 16 17 18 19 20 21 | 21.0
Shields        | 5 7 8 10 11 12 14 15 | 15.8
Evocations     | 1 4 5 6 |  6.3
Air Magic      | 2 4 6 7 8 9 10 11 12 | 12.5
Invocations    | 1 4 5 8 9 10 11 12 13 14 15 17 | 17.1
Dodging        | 1 4 6 7 9 10 11 | 11.0

Action                   |  1- 3 |  4- 6 |  7- 9 | 10-12 | 13-15 | 16-18 | 19-21 | 22-24 | 25-27 || total
-------------------------+-------+-------+-------+-------+-------+-------+-------+-------+-------++-------
Melee: War axe           |   121 |   136 |   415 |   593 |   587 |       |       |       |       ||  1852
       Scimitar          |       |       |       |    25 |    65 |       |       |       |       ||    90
       Broad axe         |       |       |       |       |   782 |  1407 |  1360 |  1564 |  2290 ||  7403
Invok: Heroism           |       |       |     2 |    16 |    19 |    10 |     4 |     4 |       ||    55
       Finesse           |       |       |       |       |       |     2 |       |     3 |       ||     5
       Cleansing Flame   |       |       |       |       |       |       |       |     6 |    40 ||    46
       Divine Shield     |       |       |       |       |       |       |       |     1 |     9 ||    10
 Abil: Stop Flying       |       |       |       |       |     2 |     1 |       |       |       ||     3
       Fly               |       |       |       |       |     2 |       |       |       |       ||     2
       Evoke Flight      |       |       |       |       |       |     1 |       |       |       ||     1
Evoke: Wand              |       |       |       |       |     2 |       |       |       |       ||     2
  Use: Scroll            |       |     6 |    12 |    12 |    12 |    14 |     8 |    13 |    11 ||    88
       Potion            |       |     1 |     2 |     2 |     5 |     7 |     3 |     8 |     8 ||    36
 Stab: Distracted        |       |       |       |     1 |       |       |       |       |       ||     1
  Eat: Chunk             |     2 |       |    10 |     9 |    20 |     7 |    20 |     1 |       ||    69
       Royal jelly       |       |     2 |     2 |     1 |     1 |     6 |     3 |     4 |     2 ||    21
       Fruit             |       |       |     2 |    11 |     9 |    10 |     1 |       |     3 ||    36
       Meat ration       |       |       |       |     1 |     4 |     1 |     4 |     4 |     3 ||    17
       Bread ration      |       |       |       |       |       |       |       |       |     2 ||     2
Armor: Scale mail        |    87 |    88 |   227 |   166 |       |       |       |       |       ||   568
       Chain mail        |       |       |       |   148 |   199 |       |       |       |       ||   347
       Plate armour      |       |       |       |       |   678 |   470 |   253 |       |       ||  1401
       Crystal plate arm |       |       |       |       |       |       |    98 |   467 |    25 ||   590
       Gold dragon scale |       |       |       |       |       |       |       |       |   801 ||   801
Dodge: Dodged            |    50 |    47 |   117 |   144 |   304 |   169 |   187 |   205 |   281 ||  1504
Block: Shield            |    71 |    84 |   211 |   280 |   732 |   597 |   656 |   577 |  1072 ||  4280
       Reflection        |       |       |       |       |       |     1 |    96 |    43 |    33 ||   173
       Rpst.: Scimitar   |       |       |       |       |    11 |       |       |       |       ||    11
